 Dungeon Sprint DCSS version 0.32-a0-361-g289a535e89 (webtiles) character file.

Game seed: 17264143664802471289

2516753 Prakerore the Messiah (level 20, 216/216 HPs)
             Began as a Mountain Dwarf Fighter on Feb 19, 2024.
             Was the Champion of Beogh.
             Escaped with the Orb
             ... and 2 runes!
             The game lasted 01:50:10 (12868 turns).

Prakerore the Messiah (Mountain Dwarf Fighter)     Turns: 12868, Time: 01:50:10

Health: 216/216    AC: 60    Str: 21    XL:     20   Next: 52%
Magic:  46/46      EV: 15    Int: 12    God:    Beogh [******]
Gold:   319        SH: 28    Dex: 15    Spells: 19/19 levels left

rFire   + + +        b - +13 sceptre of Asmodeus
rCold   + + .        k - +3 tower shield
rNeg    + + .        Y - +12 gold dragon scales
rPois   +            W - +2 hat "Soqial" {rF+ Will+ Int+3}
rElec   +            V - +0 cloak of the Hot Ocelot {Harm rN+ rCorr Dex+2}
rCorr   +            z - +2 pair of gloves of Analysis {+Inv rF+ MP+9}
SInv    +            Z - +3 pair of seven-league boots {Rampage+∞}
Will    +++++        c - amulet of Balance {rElec Regen+ Int+3} Stlth
                     B - ring of Wiuptitu {rC+ rN+ AC+6 Str-4 SInv}
HPRegen 1.36/turn    l - ring "Ulo For" {+Blink rPois rF+++ Will++ Int-4}
MPRegen 0.30/turn

%: no teleportation, harm (+30% outgoing, +20% incoming), rampage+∞
@: mighty, hasted, very quick
A: walk on water, runic magic, artefact enchanting, hooves 1, iridescent scales
1, agile 1
0: Orb of Zot
}: 2/3 runes: silver, golden
a: Renounce Religion, Evoke Blink, Evoke Invisibility, Smiting, Recall Apostles,
Blood for Blood, Dismiss Orcesus, warrior, Dismiss Gorm, warrior, Dismiss Dorog,
warrior


You escaped.
You worshipped Beogh.
Beogh was exalted by your worship.
You visited 1 branch You collected 319 gold pieces.

Inventory:

Hand Weapons
 a - the +7 triple crossbow of Pumoq {drain, rC- Dex+7 SInv}
   (You found it in the Dungeon)

   Dex+7:     It affects your dexterity (+7).
   rC-:       It makes you vulnerable to cold.
   SInv:      It lets you see invisible.
 b - the +13 sceptre of Asmodeus (weapon)
   (You took it off Asmodeus in the Dungeon)

   Fire Summon: It may summon demons of flame and damnation when striking foes.
 p - a +1 flail of protection
 t - a +2 long sword of holy wrath
 u - a +3 dagger of venom
 y - a +2 rapier of distortion
 G - the +8 autumn katana {manifold assault}
   (You found it in the Dungeon)
 Q - a +1 arbalest of flaming
 S - the +7 longbow of Kaddal {flame, rF+ Str+3 Int+3}
   (You found it in the Dungeon)

   Str+3:     It affects your strength (+3).
   Int+3:     It affects your intelligence (+3).
   rF+:       It protects you from fire.
Missiles
 P - 7 boomerangs
 R - 5 javelins (quivered)
Armour
 k - a +3 tower shield (worn)
 z - the +2 pair of gloves of Analysis (worn) {+Inv rF+ MP+9}
   (You found it in the Dungeon)

   rF+:       It protects you from fire.
   MP+9:      It affects your magic capacity (+9).
   +Inv:      It lets you turn invisible.
 V - the +0 cloak of the Hot Ocelot (worn) {Harm rN+ rCorr Dex+2}
   (You found it in the Dungeon)

   Dex+2:     It affects your dexterity (+2).
   rN+:       It protects you from negative energy.
   rCorr:     It protects you from acid and corrosion.
   Harm:      It increases damage dealt and taken.
 W - the +2 hat "Soqial" (worn) {rF+ Will+ Int+3}
   (You found it in the Dungeon)

   Int+3:     It affects your intelligence (+3).
   rF+:       It protects you from fire.
   Will+:     It increases your willpower.
 Y - +12 gold dragon scales (worn)
 Z - the +3 pair of seven-league boots (worn) {Rampage+∞}
   (You found it in the Dungeon)

   Rampage+∞: When moving toward enemies, its wearer moves as far as possible,
   alerting their target en route.
Jewellery
 c - the amulet of Balance (around neck) {rElec Regen+ Int+3}
   (You found it in the Dungeon)

   [amulet of regeneration]

   Int+3:     It affects your intelligence (+3).
   rElec:     It insulates you from electricity.
   Regen+:    It increases your rate of health regeneration.
 g - the ring of Nasil {rElec rC+ MP+9 Int+4}
   (You found it in the Dungeon)

   [ring of protection from cold]

   Int+4:     It affects your intelligence (+4).
   rC+:       It protects you from cold.
   rElec:     It insulates you from electricity.
   MP+9:      It affects your magic capacity (+9).
 l - the ring "Ulo For" (right hand) {+Blink rPois rF+++ Will++ Int-4}
   (You found it in the Dungeon)

   [ring of poison resistance]

   Int-4:     It affects your intelligence (-4).
   rF+++:     It renders you almost immune to fire.
   rPois:     It protects you from poison Will++: It greatly increases your
   willpower.
   +Blink:    It lets you blink.
 o - the ring of Kebleuwi {Ice rElec Will+}
   (You found it in the Dungeon)

   [ring of ice]

   Ice:       It enhances your ice magic.
   rF-:       It makes you vulnerable to fire.
   rC+:       It protects you from cold.
   rElec:     It insulates you from electricity.
   Will+:     It increases your willpower.
 r - the ring "Siep" {^Contam Fly rC+ Will+ Dex+6}
   (You found it in the Dungeon)

   [ring of dexterity]

   Dex+6:     It affects your dexterity (+6).
   rC+:       It protects you from cold.
   Will+:     It increases your willpower.
   Fly:       It grants you flight.
   ^Contam:   It causes magical contamination when unequipped.
 B - the ring of Wiuptitu (left hand) {rC+ rN+ AC+6 Str-4 SInv}
   (You found it in the Dungeon)

   [ring of protection]

   AC+6:      It affects your AC (+6).
   Str-4:     It affects your strength (-4).
   rC+:       It protects you from cold.
   rN+:       It protects you from negative energy.
   SInv:      It lets you see invisible.
 C - the ring "Urruf" {rF+ Dex+4}
   (You found it in the Dungeon)

   [ring of protection from fire]

   Dex+4:     It affects your dexterity (+4).
   rF+:       It protects you from fire.
 I - a ring of ice
 T - the ring of Edwiupeq {*Corrode +Blink rC+ Int+5}
   (You found it in the Dungeon)

   [ring of protection from cold]

   Int+5:     It affects your intelligence (+5).
   rC+:       It protects you from cold.
   +Blink:    It lets you blink.
   *Corrode:  It may corrode you when you take damage.
Wands
 F - a wand of digging (4)
 H - a wand of roots (11)
 K - a wand of paralysis (17)
Scrolls
 j - a scroll of blinking
 m - a scroll of vulnerability
 n - 5 scrolls of amnesia
 q - 3 scrolls of fear
 M - 7 scrolls of identify
 N - 5 scrolls of fog
Potions
 d - 2 potions of might
 e - 12 potions of curing
 f - 9 potions of heal wounds
 h - 6 potions of magic
 i - 2 potions of berserk rage
 s - a potion of resistance
 v - 3 potions of mutation
 w - 3 potions of haste
 x - a potion of brilliance
 L - 2 potions of ambrosia
 O - a potion of lignification
Miscellaneous
 A - a lightning rod (4/4)
 E - a condenser vane
 J - a phantom mirror
 U - a phial of floods
 X - a sack of spiders


   Skills:
 O Level 27 Fighting
 - Level 26.0(27) Maces & Flails
 - Level 13.8(20.5) Staves
 - Level 22.0 Ranged Weapons
 O Level 27 Throwing
 O Level 27 Armour
 + Level 25.2 Dodging
 O Level 27 Shields
 O Level 27 Invocations
 O Level 27 Evocations


You had 19 spell levels left.
You didn't know any spells.
Your spell library contained the following spells:

 Spells                   Type           Power      Damage    Failure   Level
 Foxfire                  Conj/Fire      0%         2x1d4     50%         1
 Freeze                   Ice            0%         1d3       50%         1
 Necrotise                Necr           0%         1d4       50%         1
 Shock                    Conj/Air       0%         1d3       50%         1
 Summon Small Mammal      Summ           0%         N/A       50%         1
 Cigotuvi's Dreadful Rot  Necr/Alch/Air  0%         N/A       65%         2
 Ensorcelled Hibernation  Hex/Ice        0%         N/A       65%         2
 Lesser Beckoning         Tloc           0%         N/A       65%         2
 Static Discharge         Conj/Air       0%         3-3/arc   65%         2
 Call Canine Familiar     Summ           0%         N/A       86%         3
 Confusing Touch          Hex            0%         N/A       86%         3
 Dazzling Flash           Conj/Hex       0%         N/A       86%         3
 Frozen Ramparts          Ice            0%         1d1       86%         3
 Fugue of the Fallen      Necr           0%         N/A       86%         3
 Gell's Gravitas          Tloc           0%         N/A       86%         3
 Hailstorm                Conj/Ice       0%         3d5       86%         3
 Mephitic Cloud           Conj/Alch/Air  0%         N/A       86%         3
 Sigil of Binding         Hex            0%         N/A       86%         3
 Stone Arrow              Conj/Erth      0%         3d7       86%         3
 Teleport Other           Tloc           0%         N/A       86%         3
 Tukima's Dance           Hex            0%         N/A       86%         3
 Volatile Blastmotes      Fire/Tloc      0%         2d10      86%         3
 Airstrike                Air            0%         2d(0-16)  99%         4
 Animate Armour           Summ/Erth      0%         N/A       99%         4
 Animate Dead             Necr           0%         N/A       99%         4
 Dispel Undead            Necr           0%         3d6       99%         4
 Ignite Poison            Fire/Alch      0%         N/A       99%         4
 Leda's Liquefaction      Alch/Erth      0%         N/A       99%         4
 Martyr's Knell           Necr/Summ      0%         N/A       99%         4
 Passage of Golubria      Tloc           0%         N/A       99%         4
 Petrify                  Alch/Erth      0%         N/A       99%         4
 Sticky Flame             Fire/Alch      0%         2d4       99%         4
 Summon Blazeheart Golem  Fire/Summ      0%         N/A       99%         4
 Summon Lightning Spire   Summ/Air       0%         N/A       99%         4
 Vhi's Electric Charge    Tloc/Air       0%         N/A       99%         4
 Arcjolt                  Conj/Air       0%         1d10      100%        5
 Borgnjor's Vile Clutch   Necr/Erth      0%         N/A       100%        5
 Fireball                 Conj/Fire      0%         3d3       100%        5
 Freezing Cloud           Conj/Ice/Air   0%         6-21      100%        5
 Metabolic Englaciation   Hex/Ice        0%         N/A       100%        5
 Silence                  Hex/Air        0%         N/A       100%        5
 Summon Forest            Summ/Tloc      0%         N/A       100%        5
 Summon Mana Viper        Hex/Summ       0%         N/A       100%        5
 Yara's Violent Unravell  Hex/Alch       0%         3d3       100%        5
 Death Channel            Necr           0%         N/A       100%        6
 Plasma Beam              Fire/Air       0%         2x1d10    100%        6
 Starburst                Conj/Fire      0%         6d3       100%        6
 Summon Cactus Giant      Summ           0%         N/A       100%        6
 Malign Gateway           Summ/Tloc      0%         N/A       100%        7
 Borgnjor's Revivificati  Necr           0%         N/A       100%        8
 Ignition                 Fire           0%         3d3       100%        8
 Lehudib's Crystal Spear  Conj/Erth      0%         10d2      100%        8
 Summon Horrible Things   Summ           0%         N/A       100%        8


Dungeon Overview and Level Annotations

Branches:
Dungeon (1/1)

Altars:
Ashenzari
Cheibriados
Dithmenos
Elyvilon
Fedhas
Gozag
Hepliaklqana
Kikubaaqudgha
Makhleb
Nemelex Xobeh
Okawaru
Qazlal
Ru
Sif Muna
Trog
Uskayaw
Vehumet
Wu Jian
Xom
Yredelemnul
Zin
The Shining One
Beogh
Jiyva
Lugonu

Annotations:
D exclusion: 2 doors


Innate Abilities, Weirdness & Mutations

You can walk on water.
Your facial features are unmistakably orcish.
Your spellcasting is much less encumbered by armour.
You can use scrolls of enchantment on lesser artefacts.
You have large cloven feet.
You are partially covered in iridescent scales. (AC +2)
You are agile. (Dex +4, Str/Int -1)


Message History

The Orb Guardian is heavily wounded.
Your hellion hits the Orb Guardian but does no damage.
The Orb Guardian hits you but does no damage.
You feel very mighty all of a sudden.
Your hellion hits the Orb Guardian but does no damage.
You catch the helpless Orb Guardian completely off-guard!
You skewer the Orb Guardian like a kebab!!!
You kill the Orb Guardian!
Beogh accepts your kill.
You feel as though your hastened speed will last longer.
Items here: )) [ ÷.
Things that are here:
a +3 heavy broad axe; a +0 plate armour; the orb of the Lotus Blossom {light, rF+ rC+ Str+3 Stlth+}
There is a huge open gate to the Vestibule (Extremely Hard) here.
There is a huge open gate to the Vestibule (Extremely Hard), spattered with blood here.
You see here a death drake skeleton.
A Qaphohoi, a ynoxinul and a red devil come into view.
There is a huge open gate to the Grid Vault (Hard), spattered with blood here.
Items here: )) [[[ ÷÷.
Unknown command.
Press: ? - help, v - describe, . - travel
Here: Qaphohoi The floor.
Unknown command.
Blink to where?
Press: ? - help, Dir - move target
As you read the scroll of blinking, it crumbles to dust.
The ynoxinul bellows!
Qaphohoi blinks!
The ynoxinul gestures.
An ufetubus is nearby!
Unknown command.
Blink to where?
Press: ? - help, Dir - move target
As you read the scroll of blinking, it crumbles to dust.
Blink to where?
Press: ? - help, Dir - move target
As you read the scroll of blinking, it crumbles to dust.
Unknown command.
You have escaped!

##########.##................''..
#...........'÷...............''..
#÷#####)#####......#..#......##..
#o#.....#..##................##..
#o#.....#.)#####'#####''#########
#.###)###..##.......##''#########
#.#.....#).##.......##.....o'..'.
#.#.....#..##.......##......'..'.
#.####'##'###...@...##.....##..##
#.#........##.......##...###....#
#.#........##.......##..##.......
#'###########.......##''#...#..#.
#.......#..###########÷÷.........
#..#o#..#÷############''#...#..#.
#.##.##.#.#....#....##÷÷##..)....
#....o..#'#....#....##...###....#
#.##.##o#.oo...'..))##÷...o##..##


There were no monsters in sight!

Vanquished Creatures
  Asmodeus (D)
  Dissolution (D)
  Lom Lobon (D)
  Frederick (D)
  An orb of fire (D)
  3 ancient liches (D)
  4 pandemonium lords (D)
  the Lernaean hydra (D)
  A curse toe (D)
  Nikola (D)
  Jory (D)
  13 golden dragons (D)
  3 pearl dragons (D)
  A profane servitor (D)
  A Tzitzimitl (D)
  A Brimstone Fiend (D)
  A hellephant (D)
  An Ice Fiend (D)
  A Hell Sentinel (D)
  A tentacled monstrosity (D)
  A lich (D)
  5 titans (D)
  13 Orb Guardians (D)
  Murray (D)
  6 quicksilver dragons (D)
  3 deep elf master archers (D)
  2 death cobs (D)
  2 Executioners (D)
  3 storm dragons (D)
  7 shadow dragons (D)
  3 nagarajas (D)
  4 iron dragons (D)
  A daeva (D)
  2 frost giants (D)
  5 draconian shifters (D)
  2 draconian scorchers (D)
  2 fire giants (D)
  2 emperor scorpions (D)
  A deep elf sorcerer (D)
  3 balrugs (D)
  3 orc warlords (D)
  A draconian stormcaller (D)
  A reaper (D)
  6 stone giants (D)
  A spriggan defender (D)
  An angel (D)
  4 vampire knights (D)
  An ophan (D)
  3 deep elf annihilators (D)
  2 lorocyprocas (D)
  A red draconian (D)
  A purple draconian (D)
  A yellow draconian (D)
  2 green deaths (D)
  A blizzard demon (D)
  10 ettins (D)
  2 deep elf high priests (D)
  A mummy priest (D)
  A fire dragon (D)
  2 vault guards (D)
  13 ice dragons (D)
  8 hydras (D)
  A catoblepas (D)
  An ogre mage (D)
  6 two-headed ogres (D)
  2 merfolk aquamancers (D)
  A hell beast (D)
  A dancing weapon (D)
  An iron elemental (D)
  An occultist (D)
  A naga warrior (D)
  A death yak (D)
  3 vampire magi (D)
  4 orc high priests (D)
  A soul eater (D)
  A deep elf knight (D)
  4 hell knights (D)
  2 sun demons (D)
  A sixfirhy (D)
  2 skeletal warriors (D)
  5 iron trolls (D)
  A shadow wraith (D)
  8 deep trolls (D)
  A flayed ghost (D)
  2 swamp dragons (D)
  A bog body (D)
  A phantasmal warrior (D)
  A lindwurm (D)
  2 deep elf zephyrmancers (D)
  A necromancer (D)
  A large abomination (D)
  A deep elf pyromancer (D)
  8 orc knights (D)
  8 cyclopes (D)
  4 rust devils (D)
  A black mamba (D)
  A cane toad (D)
  7 hellions (D)
  A tormentor (D)
  An efreet (D)
  A freezing wraith (D)
  2 ice devils (D)
  A troll (D)
  A merfolk (D)
  A hornet (D)
  A tarantella (D)
  3 wind drakes (D)
  A glass eye (D)
  2 dream sheep (D)
  A ynoxinul (D)
  2 wraiths (D)
  A vampire (D)
  Grum (D)
  A steam dragon (D)
  2 wargs (D)
  4 vampire mosquitoes (D)
  A naga (D)
  2 acid dragons (D)
  2 orc warriors (D)
  2 ogres (D)
  A black bear (D)
  A wolf (D)
  2 phantoms (D)
  A weeping skull (D)
  An earth elemental (D)
  A small abomination (D)
  A crimson imp (D)
  A quasit (D)
  2 gnolls (D)
  A river rat (D)
  An adder zombie (D)
  A ball python (D)
  A bat skeleton (D)
  2 hobgoblins (D)
  A jackal (D)
  2 quokkas (D)
  A bat (D)
  A frilled lizard (D)
  A quokka zombie (D)
  A rat (D)
  A foxfire (D)
320 creatures vanquished.

Vanquished Creatures (collateral kills)
  the Serpent of Hell (D)
  An ancient lich (D)
  Mara (D)
  A Killer Klown (D)
  A curse toe (D)
  2 golden dragons (D)
  2 pearl dragons (D)
  A profane servitor (D)
  2 electric golems (D)
  A hellephant (D)
  3 liches (D)
  An Ice Fiend (D)
  2 Hell Sentinels (D)
  12 Orb Guardians (D)
  A deep elf blademaster (D)
  An acid blob (D)
  A sphinx (D)
  An Executioner (D)
  2 frost giants (D)
  3 shadow dragons (D)
  2 nagarajas (D)
  A fire giant (D)
  5 iron dragons (D)
  A ghost moth (D)
  4 balrugs (D)
  An emperor scorpion (D)
  2 reapers (D)
  An orc warlord (D)
  A spriggan defender (D)
  An angel (D)
  An ophan (D)
  2 deep elf death magi (D)
  4 stone giants (D)
  A dire elephant (D)
  2 purple draconians (D)
  A minotaur (D)
  An eidolon (D)
  An apis (D)
  A white draconian (D)
  A green death (D)
  A merfolk impaler (D)
  A deep elf high priest (D)
  4 blizzard demons (D)
  10 ettins (D)
  10 fire dragons (D)
  3 vault guards (D)
  2 hell beasts (D)
  A merfolk avatar (D)
  An ogre mage (D)
  4 hydras (D)
  7 ice dragons (D)
  3 two-headed ogres (D)
  3 dancing weapons (D)
  2 death knights (D)
  A boulder beetle (D)
  4 naga warriors (D)
  2 iron elementals (D)
  A deep troll shaman (D)
  An occultist (D)
  An orc high priest (D)
  A vampire mage (D)
  A spriggan berserker (D)
  3 hell knights (D)
  An iron troll (D)
  4 deep trolls (D)
  2 orc apostles (D)
  A shadow wraith (D)
  A skeletal warrior (D)
  A death drake (D)
  An arcanist (D)
  A flayed ghost (D)
  2 phantasmal warriors (D)
  A necromancer (D)
  A swamp dragon (D)
  10 orc knights (D)
  A lindwurm (D)
  A deep elf pyromancer (D)
  2 orc sorcerers (D)
  4 cyclopes (D)
  2 wolf spiders (D)
  An ugly thing (D)
  6 elephants (D)
  A naga mage (D)
  An unseen horror (D)
  A freezing wraith (D)
  A hellion (D)
  3 trolls (D)
  2 red devils (D)
  A hellwing (D)
  3 merfolk (D)
  A polar bear (D)
  A tarantella (D)
  A hornet (D)
  Grinder (D)
  A glass eye (D)
  3 dream sheep (D)
  A spriggan (D)
  4 water elementals (D)
  A vampire (D)
  A wyvern (D)
  A ynoxinul (D)
  A golden eye (D)
  A warg (D)
  A fire elemental (D)
  6 vampire mosquitoes (D)
  A naga (D)
  6 orc warriors (D)
  A black bear (D)
  5 ogres (D)
  3 wolves (D)
  A phantom (D)
  A crimson imp (D)
  2 iguanas (D)
  An iron imp (D)
  A hell rat (D)
  An adder simulacrum (D)
  A ribbon worm (D)
  A ball python (D)
  A bat (D)
  A hobgoblin (D)
  2 jackals (D)
  A ball python skeleton (D)
  A bat simulacrum (D)
  A jackal skeleton (D)
  A quokka zombie (D)
  A rat (D)
256 creatures vanquished.

Vanquished Creatures (others)
  A pearl dragon (D)
  A titan (D)
  2 Orb Guardians (D)
  An acid blob (D)
  A sphinx (D)
  A balrug (D)
  20 orc warlords (D)
  A yellow draconian (D)
  A fire dragon (D)
  21 orc high priests (D)
  55 orc apostles (D)
  A deep troll (D)
  A swamp dragon (D)
  30 orc knights (D)
  An orc sorcerer (D)
  A hellion (D)
  A naga (D)
  8 orc warriors (D)
  6 orc priests (D)
  2 orcs (D)
  A bat skeleton (D)
  9 ball lightnings (D)
  2 spectral weapons (D)
168 creatures vanquished.

Grand Total: 744 creatures vanquished

Notes
Turn   | Place    | Note
-------+----------+-------------------------------------------
     0 | D        | Prakerore the Mountain Dwarf Fighter began the quest for
                  | the Orb.
     0 | D        | Reached XP level 1. HP: 19/19 MP: 1/1
    43 | D        | Found a glowing golden altar of the Shining One.
    43 | D        | Found a glowing silver altar of Zin.
    43 | D        | Found a basalt altar of Yredelemnul.
    43 | D        | Found a shimmering altar of Xom.
    43 | D        | Found an ornate altar of the Wu Jian Council.
    43 | D        | Found a bloodstained altar of Trog.
    43 | D        | Found a shimmering blue altar of Sif Muna.
    43 | D        | Found a sacrificial altar of Ru.
    43 | D        | Found a stormy altar of Qazlal.
    43 | D        | Found an iron altar of Okawaru.
    43 | D        | Found a sparkling altar of Nemelex Xobeh.
    43 | D        | Found a burning altar of Makhleb.
    43 | D        | Found a viscous altar of Jiyva.
    43 | D        | Found a hazy altar of Hepliaklqana.
    43 | D        | Found an opulent altar of Gozag.
    43 | D        | Found a blossoming altar of Fedhas.
    43 | D        | Found a white marble altar of Elyvilon.
    43 | D        | Found a shadowy altar of Dithmenos.
    43 | D        | Found a snail-covered altar of Cheibriados.
    44 | D        | Found a radiant altar of Vehumet.
    44 | D        | Found a corrupted altar of Lugonu.
    44 | D        | Found a roughly hewn altar of Beogh.
    45 | D        | Found a hide-covered altar of Uskayaw.
    45 | D        | Found an ancient bone altar of Kikubaaqudgha.
    45 | D        | Found a broken altar of Ashenzari.
    52 | D        | Became a worshipper of Beogh the Shepherd
    68 | D        | Reached skill level 1 in Staves
    74 | D        | Reached * piety under Beogh
    82 | D        | Reached XP level 2. HP: 11/26 MP: 2/2
   154 | D        | Reached ** piety under Beogh
   155 | D        | Reached skill level 5 in Staves
   168 | D        | Reached XP level 3. HP: 20/31 MP: 2/5
   301 | D        | Noticed a weeping skull
   319 | D        | Reached *** piety under Beogh
   326 | D        | Reached XP level 4. HP: 34/38 MP: 5/9
   332 | D        | Killed a weeping skull
   333 | D        | Reached skill level 5 in Fighting
   333 | D        | Reached XP level 5. HP: 46/48 MP: 6/10
   345 | D        | Noticed Bogwald
   389 | D        | Anointed Bogwald the warrior as your apostle
   441 | D        | Reached **** piety under Beogh
   450 | D        | Noticed a black bear
   452 | D        | Killed a black bear
   473 | D        | Reached skill level 10 in Invocations
   473 | D        | Reached XP level 6. HP: 56/58 MP: 13/13
   484 | D        | Noticed Oruk
   509 | D        | Anointed Oruk the warrior as your apostle
   674 | D        | Noticed a deep elf zephyrmancer
   675 | D        | Noticed a deep elf zephyrmancer
   679 | D        | Killed a deep elf zephyrmancer
   680 | D        | Reached skill level 10 in Fighting
   680 | D        | Reached XP level 7. HP: 31/72 MP: 7/16
   680 | D        | Killed a deep elf zephyrmancer
   681 | D        | Reached XP level 8. HP: 34/79 MP: 4/17
   821 | D        | Noticed Grinder
   827 | D        | Killed Grinder
   827 | D        | Reached ***** piety under Beogh
   865 | D        | Identified the +5 flail of the Crawling Thing {freeze,
                  | Str+2}
   865 | D        | Identified the +3 leather armour of the Majestic God {rPois
                  | Regen+ Str-3 Dex+3}
   882 | D        | Anointed Morbeogh the priest as your apostle
  1159 | D        | Noticed a swamp dragon
  1159 | D        | Noticed a freezing wraith
  1162 | D        | Killed a swamp dragon
  1167 | D        | Killed a freezing wraith
  1168 | D        | Reached skill level 10 in Armour
  1168 | D        | Reached XP level 9. HP: 20/85 MP: 9/18
  1388 | D        | Noticed a cane toad
  1393 | D        | Killed a cane toad
  1396 | D        | Noticed an efreet
  1410 | D        | Killed an efreet
  1517 | D        | Noticed a swamp dragon
  1523 | D        | Killed a swamp dragon
  1527 | D        | Reached skill level 5 in Dodging
  1531 | D        | Reached ****** piety under Beogh
  1532 | D        | Reached XP level 10. HP: 91/103 MP: 10/19
  1560 | D        | Anointed Orkwin the warrior as your apostle
  1663 | D        | Noticed a cyclops
  1664 | D        | Noticed a flayed ghost
  1667 | D        | Killed a cyclops
  1674 | D        | Killed a flayed ghost
  1676 | D        | Noticed a lindwurm
  1699 | D        | Killed a lindwurm
  1705 | D        | Reached skill level 15 in Invocations
  1734 | D        | Noticed a phantasmal warrior
  1743 | D        | Killed a phantasmal warrior
  1744 | D        | Identified the +4 morningstar of Dismemberment {flame, rC-
                  | Will+ Str+7}
  1744 | D        | Noticed Hawl
  1749 | D        | Noticed a cyclops
  1757 | D        | Anointed Hawl the priest as your apostle
  1885 | D        | Noticed a phantasmal warrior
  1885 | D        | Noticed an occultist
  1885 | D        | Noticed an orc sorcerer
  1889 | D        | Noticed a cyclops
  1890 | D        | Pacified an orc sorcerer
  1890 | D        | Killed an orc sorcerer
  1903 | D        | Killed a cyclops
  1903 | D        | Killed a phantasmal warrior
  1904 | D        | Reached XP level 11. HP: 64/111 MP: 20/24
  1907 | D        | Killed an occultist
  1908 | D        | Reached skill level 15 in Fighting
  2034 | D        | Noticed a phantasmal warrior
  2034 | D        | Noticed a bog body
  2034 | D        | Noticed Grum
  2040 | D        | Killed a phantasmal warrior
  2057 | D        | Killed a bog body
  2105 | D        | Killed Grum
  2129 | D        | Noticed Arkwar
  2166 | D        | Anointed Arkwar the wizard as your apostle
  2341 | D        | Found the +8 autumn katana {manifold assault}
  2457 | D        | Noticed a deep elf pyromancer
  2466 | D        | Killed a deep elf pyromancer
  2476 | D        | Noticed a vampire knight
  2476 | D        | Noticed a lindwurm
  2478 | D        | Killed a vampire knight
  2486 | D        | Killed a lindwurm
  2504 | D        | Noticed Urtork
  2507 | D        | Noticed an orc high priest
  2511 | D        | Noticed a sixfirhy
  2520 | D        | Anointed Urtork the warrior as your apostle
  2603 | D        | Noticed a merfolk impaler
  2609 | D        | Killed a merfolk impaler
  2610 | D        | Reached skill level 15 in Armour
  2631 | D        | Your ally Urtork died
  2770 | D        | Noticed a spriggan rider
  2776 | D        | Reached XP level 12. HP: 127/127 MP: 25/25
  2786 | D        | Noticed a death yak
  2789 | D        | Noticed an orc warlord
  2790 | D        | Noticed an orc warlord
  2794 | D        | Noticed a vault guard
  2795 | D        | Killed a death yak
  2795 | D        | Noticed an emperor scorpion
  2819 | D        | Killed an emperor scorpion
  2823 | D        | Killed a vault guard
  2829 | D        | Your ally Oruk died
  2829 | D        | Your ally Urtork died
  2835 | D        | Noticed an orc high priest
  2855 | D        | Your ally Oruk died
  2860 | D        | Killed an orc high priest
  2865 | D        | Anointed Koronagh the warrior as your apostle
  2872 | D        | Reached skill level 5 in Evocations
  2949 | D        | Killed an orc warlord
  3150 | D        | Killed an orc warlord
  3248 | D        | Noticed a naga warrior
  3260 | D        | Noticed a purple draconian
  3264 | D        | Killed a naga warrior
  3265 | D        | Reached skill level 10 in Evocations
  3265 | D        | Killed a purple draconian
  3565 | D        | Noticed a naga warrior
  3566 | D        | Noticed a naga warrior
  3566 | D        | Noticed a frost giant
  3571 | D        | Killed a frost giant
  3572 | D        | Reached XP level 13. HP: 132/139 MP: 13/26
  3578 | D        | Your ally Koronagh died
  3634 | D        | Identified the +1 robe of Faprirai {Regen+ Int-5 Slay+3}
  3634 | D        | Noticed Boderik
  3649 | D        | Anointed Boderik the wizard as your apostle
  3650 | D        | Your ally Urtork died
  3743 | D        | Got the +0 cloak of the Hot Ocelot {Harm rN+ rCorr Dex+2}
  3781 | D        | Found the +3 pair of seven-league boots {Rampage+∞}
  3922 | D        | Noticed an emperor scorpion
  3931 | D        | Killed an emperor scorpion
  4025 | D        | Noticed a vampire knight
  4026 | D        | Noticed a daeva
  4037 | D        | Killed a daeva
  4039 | D        | Killed a vampire knight
  4040 | D        | Reached skill level 10 in Maces & Flails
  4045 | D        | Noticed an ettin
  4048 | D        | Noticed an eidolon
  4052 | D        | Killed an ettin
  4063 | D        | Your ally Boderik died
  4070 | D        | Killed an eidolon
  4075 | D        | Noticed a death cob
  4076 | D        | Your ally Koronagh died
  4080 | D        | Killed a death cob
  4081 | D        | Reached skill level 15 in Maces & Flails
  4082 | D        | Killed a ghost moth
  4082 | D        | Your ally Urtork died
  4083 | D        | Identified the +7 longbow of Kaddal {flame, rF+ Str+3
                  | Int+3}
  4114 | D        | Identified the +9 dagger of Eternal Vigilance {drain, rC+
                  | rCorr Int+4 Dex+4}
  4371 | D        | Noticed a death cob
  4372 | D        | Noticed an orc warlord
  4374 | D        | Killed a death cob
  4378 | D        | Killed an orc warlord
  4391 | D        | Noticed an ettin
  4395 | D        | Your ally Boderik died
  4398 | D        | Noticed an ettin
  4399 | D        | Killed an ettin
  4400 | D        | Noticed an ettin
  4404 | D        | Your ally Koronagh died
  4405 | D        | Killed an ettin
  4603 | D        | Noticed a deep elf annihilator
  4642 | D        | Killed a deep elf annihilator
  4643 | D        | Reached XP level 14. HP: 77/148 MP: 17/28
  4906 | D        | Noticed a sphinx
  4913 | D        | Killed a sphinx
  4920 | D        | Noticed a fire giant
  4920 | D        | Noticed a lich
  4920 | D        | Noticed a nagaraja
  4922 | D        | Noticed a lich
  4925 | D        | Killed a fire giant
  4927 | D        | Killed a nagaraja
  4928 | D        | Your ally Koronagh died
  4928 | D        | Killed a lich
  4930 | D        | Killed a lich
  4945 | D        | Noticed a stone giant
  4947 | D        | Identified the +1 battleaxe "Kelaa" {freeze, Dex+6}
  4950 | D        | Killed a stone giant
  4951 | D        | Your ally Urtork died
  4952 | D        | Your ally Koronagh died
  4953 | D        | Reached skill level 27 in Invocations
  4959 | D        | Your ally Boderik died
  4963 | D        | Anointed Orcesus the warrior as your apostle
  5031 | D        | Noticed a nagaraja
  5072 | D        | Killed a nagaraja
  5277 | D        | Got the amulet "Yffak" {Reflect Str+2 Int+4 SH+5 Stlth+}
  5286 | D        | Got the ring of Jealousy {rElec rPois rC- AC+6}
  5290 | D        | Got the ring of Nasil {rElec rC+ MP+9 Int+4}
  5328 | D        | Got the ring of Wiuptitu {rC+ rN+ AC+6 Str-4 SInv}
  5332 | D        | Got the ring of Kebleuwi {Ice rElec Will+}
  5337 | D        | Got the ring of Edwiupeq {*Corrode +Blink rC+ Int+5}
  5340 | D        | Got the ring "Siep" {^Contam Fly rC+ Will+ Dex+6}
  5343 | D        | Got the ring "Urruf" {rF+ Dex+4}
  5352 | D        | Got the amulet "Mekhigupoar" {Reflect rN++ Str+3 Int+2
                  | SH+5}
  5367 | D        | Got the amulet of Balance {rElec Regen+ Int+3}
  5381 | D        | Got the ring "Ulo For" {+Blink rPois rF+++ Will++ Int-4}
  5405 | D        | Got Sif Muna's Notes on Elliptic Maleficia
  5407 | D        | Got Juedghuh's Lectures on Iniquitous Acts
  5412 | D        | Got the Annotations on Clouds
  5416 | D        | Got Sif Muna's Collected Works on Soot
  5433 | D        | Got the Book of Scorched Imprecation
  5572 | D        | Noticed a balrug
  5574 | D        | Noticed a balrug
  5576 | D        | Killed a balrug
  5577 | D        | Noticed a nagaraja
  5579 | D        | Noticed a balrug
  5579 | D        | Killed a balrug
  5594 | D        | Your ally Orcesus died
  5594 | D        | Killed a nagaraja
  5620 | D        | Noticed an emperor scorpion
  5620 | D        | Noticed Nikola
  5629 | D        | Killed Nikola
  5630 | D        | Killed an emperor scorpion
  5699 | D        | Reached skill level 15 in Evocations
  5701 | D        | Noticed a vampire knight
  5706 | D        | Noticed a profane servitor
  5711 | D        | Killed a profane servitor
  5712 | D        | Killed a vampire knight
  5713 | D        | Reached XP level 15. HP: 149/160 MP: 32/32
  5715 | D        | Identified the amulet "Ineploag" {RegenMP rPois rC+ Int+5
                  | Dex-3 Stlth+}
  5737 | D        | Identified the +1 dagger "Transmigrator" {freeze, rPois
                  | Will+}
  5737 | D        | Noticed Worak
  5750 | D        | Anointed Worak the wizard as your apostle
  5814 | D        | Noticed a storm dragon
  5819 | D        | Killed a storm dragon
  5822 | D        | Your ally Orcesus died
  5829 | D        | Your ally Worak died
  5829 | D        | Noticed an ancient lich
  5833 | D        | Your ally Boderik died
  5843 | D        | Noticed Mara
  5855 | D        | Killed an ancient lich
  5856 | D        | Reached skill level 10 in Throwing
  5861 | D        | Noticed a lich
  5868 | D        | Killed Mara
  5869 | D        | Killed a lich
  5920 | D        | Identified the +5 flail of Zoqis {flame, Will+++ rCorr
                  | Str-2 SInv}
  6022 | D        | Noticed a deep elf master archer
  6023 | D        | Killed a deep elf master archer
  6023 | D        | Noticed an Executioner
  6025 | D        | Noticed a frost giant
  6033 | D        | Killed an Executioner
  6035 | D        | Your ally Worak died
  6038 | D        | Your ally Boderik died
  6040 | D        | Reached skill level 15 in Throwing
  6043 | D        | Killed a frost giant
  6324 | D        | Noticed a titan
  6418 | D        | Killed a titan
  6430 | D        | Reached XP level 16. HP: 142/169 MP: 33/33
  6432 | D        | Identified the +6 war axe of Eggeor {antimagic, rElec rF+}
  6442 | D        | Anointed Gorm the warrior as your apostle
  6560 | D        | Your ally Gorm died
  6560 | D        | Your ally Boderik died
  6624 | D        | Your ally Boderik died
  6881 | D        | Got Zuohu's Vellum of the Moving Snowflakes
  6883 | D        | Got a silver rune of Zot
  6971 | D        | Noticed a hellephant
  6988 | D        | Noticed a storm dragon
  6992 | D        | Killed a hellephant
  6997 | D        | Noticed an Ice Fiend
  6998 | D        | Your ally Boderik died
  6999 | D        | Killed a storm dragon
  7004 | D        | Noticed a curse toe
  7006 | D        | Your ally Boderik died
  7009 | D        | Killed an Ice Fiend
  7015 | D        | Noticed an Executioner
  7015 | D        | Killed a curse toe
  7017 | D        | Noticed Dissolution
  7017 | D        | Killed an Executioner
  7018 | D        | Your ally Orcesus died
  7023 | D        | Killed Dissolution
  7028 | D        | Reached skill level 27 in Evocations
  7073 | D        | Noticed an ancient lich
  7075 | D        | Killed an ancient lich
  7076 | D        | Reached skill level 27 in Fighting
  7102 | D        | Identified the +7 long sword "Tyogumen" {flame, rN+ MP+9
                  | Str+2}
  7112 | D        | Your ally Gorm died
  7242 | D        | Reached skill level 10 in Dodging
  7258 | D        | Noticed a profane servitor
  7270 | D        | Killed a profane servitor
  7274 | D        | Your ally Boderik died
  7311 | D        | Reached XP level 17. HP: 120/191 MP: 21/34
  7321 | D        | Identified the +7 dagger "Hanuriqa" {venom, +Blink rElec
                  | rC-}
  7402 | D        | Noticed a lich
  7406 | D        | Killed a lich
  7521 | D        | Noticed Jory
  7523 | D        | Noticed a deep elf master archer
  7524 | D        | Killed Jory
  7527 | D        | Noticed a tentacled monstrosity
  7529 | D        | Killed a deep elf master archer
  7532 | D        | Noticed a Killer Klown
  7535 | D        | Killed a tentacled monstrosity
  7537 | D        | Your ally Boderik died
  7542 | D        | Killed a Killer Klown
  7550 | D        | Reached skill level 15 in Dodging
  7641 | D        | Got the +7 triple crossbow of Pumoq {drain, rC- Dex+7 SInv}
  7672 | D        | Got the +2 hat "Soqial" {rF+ Will+ Int+3}
  7744 | D        | Noticed an acid blob
  7748 | D        | Your ally Orcesus died
  7769 | D        | Killed an acid blob
  7774 | D        | Reached skill level 5 in Ranged Weapons
  7779 | D        | Your ally Boderik died
  7817 | D        | Paralysed by Wargath for 1 turns
  7864 | D        | Reached skill level 10 in Ranged Weapons
  7935 | D        | Noticed a deep elf blademaster
  7940 | D        | Killed a deep elf blademaster
  7995 | D        | Noticed a titan
  8003 | D        | Killed a titan
  8033 | D        | Noticed a titan
  8037 | D        | Killed a titan
  8064 | D        | Noticed Naakan the pandemonium lord
  8072 | D        | Your ally Gorm died
  8074 | D        | Killed Naakan the pandemonium lord
  8097 | D        | Identified the +10 long sword "Goblinslayer" {pain, Int+3}
  8105 | D        | Your ally Orcesus died
  8106 | D        | Your ally Boderik died
  8215 | D        | Noticed a Brimstone Fiend
  8217 | D        | Killed a Brimstone Fiend
  8324 | D        | Noticed a Hell Sentinel
  8324 | D        | Noticed an electric golem
  8327 | D        | Reached skill level 15 in Ranged Weapons
  8350 | D        | Killed a Hell Sentinel
  8367 | D        | Killed an electric golem
  8398 | D        | Noticed a golden dragon
  8399 | D        | Noticed a Tzitzimitl
  8403 | D        | Killed a Tzitzimitl
  8412 | D        | Your ally Orcesus died
  8430 | D        | Killed a golden dragon
  8559 | D        | Noticed a titan
  8562 | D        | Killed a titan
  8590 | D        | Identified the +8 dagger "Embalmer" {freeze, *Noise +Blink
                  | rF+++ Str-4}
  8594 | D        | Your ally Boderik died
  8696 | D        | Noticed an ancient lich
  8699 | D        | Killed an ancient lich
  8790 | D        | Noticed an orb of fire
  8803 | D        | Noticed an ancient lich
  8810 | D        | Killed an ancient lich
  8811 | D        | Reached XP level 18. HP: 103/200 MP: 28/35
  8920 | D        | Found the +13 sceptre of Asmodeus
  8920 | D        | Noticed Asmodeus
  8928 | D        | Killed Asmodeus
  9153 | D        | Noticed an orb of fire
  9212 | D        | Noticed a golden dragon
  9212 | D        | Noticed a golden dragon
  9212 | D        | Noticed a golden dragon
  9212 | D        | Noticed a golden dragon
  9212 | D        | Noticed a golden dragon
  9285 | D        | Killed a golden dragon
  9411 | D        | Killed a golden dragon
  9510 | D        | Reached skill level 10 in Shields
  9569 | D        | Noticed a golden dragon
  9572 | D        | Noticed a golden dragon
  9574 | D        | Noticed a golden dragon
  9577 | D        | Killed a golden dragon
  9578 | D        | Reached skill level 15 in Shields
  9578 | D        | Your ally Orcesus died
  9578 | D        | Your ally Boderik died
  9580 | D        | Your ally Gorm died
  9594 | D        | Killed a golden dragon
  9610 | D        | Killed a golden dragon
  9625 | D        | Killed a golden dragon
  9693 | D        | Identified the +2 glaive "Xelynwyv" {elec, rF+ Str+2 Dex+4}
  9707 | D        | Anointed Dorog the warrior as your apostle
  9863 | D        | Noticed a golden dragon
  9877 | D        | Your ally Orcesus died
  9880 | D        | Killed a golden dragon
  9886 | D        | Noticed a golden dragon
  9895 | D        | Noticed a golden dragon
  9899 | D        | Killed a golden dragon
  9904 | D        | Killed a golden dragon
  9911 | D        | Your ally Orcesus died
  9913 | D        | Noticed a golden dragon
  9920 | D        | Your ally Dorog died
  9921 | D        | Your ally Gorm died
 10078 | D        | Killed a golden dragon
 10119 | D        | Killed a golden dragon
 10120 | D        | Reached skill level 27 in Shields
 10161 | D        | Identified the +2 dagger "Duluecom" {spect, *Corrode rF++
                  | Str+3}
 10290 | D        | Killed a golden dragon
 10291 | D        | Reached XP level 19. HP: 190/207 MP: 36/36
 10332 | D        | Your ally Orcesus died
 10354 | D        | Noticed a golden dragon
 10357 | D        | Killed a golden dragon
 10358 | D        | Found the +3 hat of Pondering {ponderous, Will+ MP+10
                  | Int+5}
 10376 | D        | Your ally Orcesus died
 10383 | D        | Your ally Gorm died
 10396 | D        | Your ally Dorog died
 10490 | D        | Got a golden rune of Zot
 10532 | D        | Got the +2 pair of gloves of Analysis {+Inv rF+ MP+9}
 10757 | D        | Noticed a golden dragon
 10808 | D        | Killed a golden dragon
 11090 | D        | Identified the orb of the Lotus Blossom {light, rF+ rC+
                  | Str+3 Stlth+}
 11090 | D        | Noticed Frederick
 11091 | D        | Noticed the Serpent of Hell
 11096 | D        | Killed Frederick
 11098 | D        | Your ally Gorm died
 11100 | D        | Noticed a golden dragon
 11109 | D        | Killed the Serpent of Hell
 11114 | D        | Noticed Onokoiq the pandemonium lord
 11120 | D        | Killed Onokoiq the pandemonium lord
 11121 | D        | Noticed the 27-headed Lernaean hydra
 11121 | D        | Noticed a pearl dragon
 11129 | D        | Killed a pearl dragon
 11131 | D        | Your ally Gorm died
 11132 | D        | Killed the 26-headed Lernaean hydra
 11298 | D        | Noticed an electric golem
 11298 | D        | Noticed a pearl dragon
 11307 | D        | Noticed a pearl dragon
 11309 | D        | Killed a pearl dragon
 11316 | D        | Killed a pearl dragon
 11325 | D        | Killed an electric golem
 11430 | D        | Noticed an orb of fire
 11436 | D        | Killed an orb of fire
 11488 | D        | Noticed a hellephant
 11501 | D        | Your ally Gorm died
 11501 | D        | Your ally Orcesus died
 11503 | D        | Noticed a curse toe
 11505 | D        | Noticed Murray
 11510 | D        | Your ally Dorog died
 11641 | D        | Noticed a pearl dragon
 11650 | D        | Reached XP level 20. HP: 216/216 MP: 37/37
 11665 | D        | Killed a pearl dragon
 11750 | D        | Noticed a pearl dragon
 11762 | D        | Killed a pearl dragon
 11900 | D        | Killed a curse toe
 12032 | D        | Killed Murray
 12368 | D        | Noticed Kydy the pandemonium lord
 12368 | D        | Noticed Lom Lobon
 12373 | D        | Killed a pearl dragon
 12374 | D        | Your ally Gorm died
 12386 | D        | Gained mutation: You are frail. (-10% HP) [a neqoxec]
 12389 | D        | Your ally Orcesus died
 12392 | D        | Your ally Dorog died
 12449 | D        | Lost mutation: You are frail. (-10% HP) [potion of
                  | mutation]
 12449 | D        | Gained mutation: You have large cloven feet. [potion of
                  | mutation]
 12449 | D        | Gained mutation: You are agile. (Dex +4, Str/Int -1)
                  | [potion of mutation]
 12449 | D        | Gained mutation: You are partially covered in iridescent
                  | scales. (AC +2) [potion of mutation]
 12602 | D        | Killed Kydy the pandemonium lord
 12603 | D        | Reached skill level 27 in Throwing
 12608 | D        | Noticed Kacuxeuw the pandemonium lord
 12612 | D        | Killed Lom Lobon
 12613 | D        | Reached skill level 27 in Armour
 12641 | D        | Killed Kacuxeuw the pandemonium lord
 12796 | D        | Got the Orb of Zot
 12854 | D        | Noticed Qaphohoi the pandemonium lord
 12868 | D        | Escaped with the Orb!

Illustrated notes

Levels and vault maps discovered:
D:        pitsprint [storerooms_1, entrance_room_1, metal_vault_4, armoury_1,
          mini_pit_1, grid_room_1, main_hall_1, silver_pit, the_coven_2,
          the_vestibule_1, steel_vault_3, golden_pit, hallway_of_sentries,
          crystal_vault_2, iron_vault_2, final_vault]

Skill      XL: |  1  2  3  4  5  6  7  8  9 10 11 12 13 14 15 16 17 18 19 20 |
---------------+-------------------------------------------------------------+-----
Maces & Flails | 3 17 26 | 26.0
Staves         | 4 5 7 11 13 | 13.8
Invocations    | 3 7 10 13 18 21 27 | 27.0
Fighting       | 5 6 10 14 18 20 22 27 | 27.0
Armour         | 6 10 12 15 17 19 20 21 23 26 27 | 27.0
Dodging        | 2 5 7 9 12 15 17 23 25 | 25.2
Evocations     | 13 17 22 27 | 27.0
Throwing       | 16 21 27 | 27.0
Ranged Weapons | 20 22 | 22.0
Shields        | 27 | 27.0

Action                     |  1- 3 |  4- 6 |  7- 9 | 10-12 | 13-15 | 16-18 | 19-21 || total
---------------------------+-------+-------+-------+-------+-------+-------+-------++-------
  Melee: Quarterstaff      |    34 |    43 |    38 |   235 |       |       |       ||   350
         Flail             |     3 |       |       |       |       |       |       ||     3
         Lajatang          |       |       |       |       |    46 |       |       ||    46
         Great mace        |       |       |       |       |   201 |   235 |       ||   436
         Eveningstar       |       |       |       |       |       |   254 |   309 ||   563
   Fire: Triple crossbow   |       |       |       |       |       |     4 |       ||     4
  Throw: Boomerang         |       |       |       |       |     5 |       |       ||     5
         Javelin           |       |       |       |       |       |    15 |     1 ||    16
 Invoke: Recruit Apostle   |       |     2 |     1 |     5 |     3 |     2 |       ||    13
         Smiting           |       |     2 |     7 |    15 |    41 |    39 |    47 ||   151
         Dismiss Apostle   |       |       |     2 |     5 |     2 |     2 |       ||    11
         Recall Apostles   |       |       |       |     1 |     5 |     4 |       ||    10
         Blood for Blood   |       |       |       |     1 |     2 |     4 |     2 ||     9
  Evoke: Wand              |       |       |       |     1 |     5 |       |       ||     6
    Use: Potion            |       |     3 |     3 |     6 |    20 |    14 |    10 ||    56
         Scroll            |       |     1 |       |     1 |     4 |       |    11 ||    17
   Stab: Distracted        |       |       |       |     5 |     5 |     9 |     6 ||    25
         Invisible         |       |       |       |     2 |       |       |       ||     2
         Paralysed         |       |       |       |       |     3 |       |       ||     3
 Armour: Scale mail        |     9 |       |       |       |       |       |       ||     9
         Chain mail        |    29 |    24 |     8 |       |       |       |       ||    61
         Plate armour      |       |       |    26 |   135 |     7 |       |       ||   168
         Gold dragon scale |       |       |       |       |   490 |   659 |   220 ||  1369
         Skin              |       |       |       |       |       |    12 |       ||    12
  Dodge: Dodged            |    25 |    10 |    43 |   141 |   177 |   173 |    70 ||   639
  Block: Buckler           |     2 |       |       |       |       |       |       ||     2
         Tower shield      |       |       |       |       |       |   228 |   320 ||   548

Table legend: (Time is in decaauts) A = Elapsed time spent in this place. B = Non-inter-level travel time spent in this place. C = Inter-level travel time spent in this place. D = Time resting spent in this place. E = Time spent auto-exploring this place. F = Levels seen in this place. G = Mean time per level. A B C D E F G +--------+--------+--------+--------+--------+-----+--------+ Total | 12589 | 11784 | 805 | 2898 | 4197 | 1 | 12589.0 | Dungeon | 12589 | 11784 | 805 | 2898 | 4197 | 1 | 12589.0 | +--------+--------+--------+--------+--------+-----+--------+

Top non-repeatable levels by time:
       D: 12589 daAuts
